[Event "Wch u20 girls"]
[Site "Kocaeli"]
[Date "2013.09.24"]
[Round "11.29"]
[White "Urbonaviciute, Zivile"]
[Black "Edes, Zsofia"]
[Result "0-1"]
[ECO "C45"]
[WhiteElo "1826"]
[BlackElo "2044"]
[PlyCount "90"]
[EventDate "2013.09.??"]
[EventType "swiss"]
[EventRounds "13"]
[EventCountry "TUR"]
[Source "CBase R.Goldau"]
[SourceDate "2000.03.01"]
[TimeControl "40/5400+30:1800+30"]

1. e4 e5 2. Nf3 Nc6 3. d4 exd4 4. Nxd4 Bc5 5. Nb3 Bb6 6. Nc3 d6 7. Qe2 Be6 8.
Be3 Nf6 9. h3 Qe7 10. Bg5 O-O-O 11. O-O-O h6 12. Be3 Rhe8 13. Bxb6 axb6 14. Re1
d5 15. e5 Nd7 16. f4 g5 17. g3 gxf4 18. gxf4 f6 19. exf6 Qxf6 20. Qd2 Nc5 21.
Bg2 d4 22. Ne4 Nxe4 23. Bxe4 Rf8 24. Ref1 Bd5 25. Bxd5 Rxd5 26. Rf2 Ne7 27.
Rhf1 c5 28. Qe2 Rf5 29. Nd2 Nd5 30. Qe4 Ne3 31. Rg1 Rxf4 32. Rxf4 Qxf4 33. Qe6+
Kb8 34. b3 Qf2 35. Rh1 Ka7 36. Qg6 Rf6 37. Qd3 Qg2 38. Re1 Qxh3 39. Kb2 Qf5 40.
Rxe3 dxe3 41. Qxe3 Qf4 42. Qe1 Qd4+ 43. Kb1 Rd6 44. Kc1 Qc3 45. Qf2 Rxd2 0-1

[Event "Wch u20 girls"]
[Site "Kocaeli"]
[Date "2013.09.26"]
[Round "13.1"]
[White "Goryachkina, Aleksandra"]
[Black "Rodriguez Rueda, Paula Andrea"]
[Result "1-0"]
[ECO "D37"]
[WhiteElo "2409"]
[BlackElo "2225"]
[PlyCount "57"]
[EventDate "2013.09.??"]
[EventType "swiss"]
[EventRounds "13"]
[EventCountry "TUR"]
[Source "CBase R.Goldau"]
[SourceDate "2000.03.01"]
[TimeControl "40/5400+30:1800+30"]

1. d4 Nf6 2. c4 e6 3. Nf3 d5 4. Nc3 Be7 5. Bf4 O-O 6. e3 c5 7. dxc5 Bxc5 8.
cxd5 Nxd5 9. Nxd5 exd5 10. a3 Bf5 11. Bd3 Bxd3 12. Qxd3 Qa5+ 13. Nd2 Bb4 14. Rd1 Bxd2+ 15. Qxd2 Qb5 16. Qxd5 Qxb2 17. O-O Nc6 18. Rb1 Qc3 19. Rxb7 Rad8 20. Qb5 h6 21. h3 Qf6 22. Bg3 Rc8 23.
Qa6 Qc3 24. Rd1 Rfd8 25. Rbd7 Qc5 26. Kh2 Qb6 27. Rxd8+ Rxd8 28.
Rxd8+ Nxd8 29. Qc8 1-0

[Event "Wch u20 girls"]
[Site "Kocaeli"]
[Date "2013.09.26"]
[Round "13.2"]
[White "Padmini, Rout"]
[Black "Abdumalik, Zhansaya"]
[Result "1/2-1/2"]
[ECO "B42"]
[WhiteElo "2312"]
[BlackElo "2277"]
[PlyCount "122"]
[EventDate "2013.09.??"]
[EventType "swiss"]
[EventRounds "13"]
[EventCountry "TUR"]
[Source "CBase R.Goldau"]
[SourceDate "2000.03.01"]
[TimeControl "40/5400+30:1800+30"]

1. e4 c5 2. Nf3 a6 3. Nc3 e6 4. d4 cxd4 5. Nxd4 Qc7 6. Bd3 Nf6 7. O-O d6 8. Qe2 Be7 9. Kh1 Nbd7 10. a4 b6 11. f4 Bb7 12. Bd2 O-O 13. Rae1 Nc5 14. b4 Nxd3 15. cxd3 Rac8 16. Nd1 Rfe8 17. Ne3 Qd8 18. Rc1 Bf8 19. Rxc8 Qxc8 20. Rc1 Qb8 21. b5 Rc8 22. Qd1 Nd7 23. Nc6 Bxc6 24. Rxc6 axb5 25. axb5 Qa8 26. Qc1 Rb8 27. h3 Nc5 28. Qb1 Qa3 29. Nc4 Qxd3 30.
Qxd3 Nxd3 31. Be3 Nb4 32. Rxb6 Rd8 33. Rb7 d5 34. exd5 exd5 35. Ne5 d4 36. Bd2 f6 37. Nd7 Bd6 38. b6 Nc6 39. Kg1 Re8 40.
Kf1 d3 41. g4 Re2 42. Nxf6+ gxf6 43. Rd7 Rxd2 44. Rxd6 Rb2 45.
Rxd3 Rxb6 46. Kg2 Kf7 47. Rd7+ Ne7 48. Ra7 Rb3 49. h4 Rb2+ 50. Kg3 Rb3+ 51. Kg2 Re3 52. h5 Rd3 53. g5 f5 54. Kf2 Rh3 55.
g6+ hxg6 56. hxg6+ Ke6 57. g7 Ng8 58. Ra8 Kf7 59. Rf8+ Kxg7 60. Rxf5 Ne7 61. Ra5 Kf6 1/2-1/2

[Event "Wch u20 girls"]
[Site "Kocaeli"]
[Date "2013.09.26"]
[Round "13.3"]
[White "Saduakassova, Dinara"]
[Black "Bulmaga, Irina"]
[Result "1/2-1/2"]
[ECO "E32"]
[WhiteElo "2326"]
[BlackElo "2410"]
[PlyCount "119"]
[EventDate "2013.09.??"]
[EventType "swiss"]
[EventRounds "13"]
[EventCountry "TUR"]
[Source "CBase R.Goldau"]
[SourceDate "2000.03.01"]
[TimeControl "40/5400+30:1800+30"]

1. d4 Nf6 2. c4 e6 3. Nc3 Bb4 4. Qc2 O-O 5. e4 d5 6. e5 Ne4 7. Bd3 c5 8. Nf3 cxd4 9. Nxd4 Nd7 10. Bxe4 dxe4 11. Qxe4 Qa5 12. O-O Qxe5 13.
Qh4 Bxc3 14. bxc3 a6 15. Bf4 Qf6 16. Qxf6 Nxf6 17. f3 Bd7 18.
Rab1 b5 19. cxb5 axb5 20. Nxb5 Nd5 21. Bd6 Bxb5 22. Rxb5 Rfd8 23. Bb4 Rxa2 24. Rf2 Ra1+ 25. Rf1 Ra4 26. Rb1 h6 27. Ra5 Rxa5 28.
Bxa5 Rc8 29. Rb3 g5 30. Kf2 Kg7 31. g3 f5 32. Ke2 h5 33. Kd3 f4 34. c4 Ne3 35. gxf4 gxf4 36. Rb7+ Kg6 37. Bc7 Kf5 38. Rb5+ Kg6 39. Rb7 Kg5 40. Ra7 Rf8 41. c5 Rf5 42. Bd6 Rd5+ 43. Ke4 Nf5 44. Ra4 Nxd6+ 45. cxd6 Rxd6 46. Ra5+ Kh4 47. Kxf4 Rd2 48. Re5 Rxh2 49. Rxe6 Kh3 50. Kf5 h4 51. f4 Rg2 52. Rh6 Kg3 53. Kg5 h3 54. f5 Kf3+ 55.
Kf6 h2 56. Kf7 Kg3 57. f6 Rf2 58. Kg7 Kg2 59. Rxh2+ Kxh2 60. f7 1/2-1/2

[Event "Wch u20 girls"]
[Site "Kocaeli"]
[Date "2013.09.26"]
[Round "13.4"]
[White "Hejazipour, Mitra"]
[Black "Medina, Warda Aulia"]
[Result "1-0"]
[ECO "E12"]
[WhiteElo "2256"]
[BlackElo "2301"]
[PlyCount "81"]
[EventDate "2013.09.??"]
[EventType "swiss"]
[EventRounds "13"]
[EventCountry "TUR"]
[Source "CBase R.Goldau"]
[SourceDate "2000.03.01"]
[TimeControl "40/5400+30:1800+30"]

1. d4 Nf6 2. Nf3 e6 3. c4 b6 4. a3 Ba6 5. Qc2 Be7 6. Bg5 d5 7. e3 O-O 8. Nbd2 c5 9. dxc5 bxc5 10. Bd3 h6 11. Bh4 Nbd7 12. O-O Rc8 13. Rfd1 Qb6 14. b3 Bd6 15.
cxd5 Bxd3 16. Qxd3 exd5 17. Rab1 Rfe8 18. Nc4 Bxh2+ 19. Kxh2 dxc4 20. Qxc4 Re4 21. Qe2 Qe6 22. Bg3 Nh5 23. Bd6 Rc6 24. Qd3 Rg4 25.
g3 Nhf6 26. Kg2 g5 27. Bb8 Nxb8 28. Qd8+ Kg7 29. Qxb8 Rb6 30. Qxa7 Qc6 31. Rd8 Re4 32. Qa8 Qe6 33. Nd2 Ra6 34. Qc8 Rxa3 35. Qxc5 Ra2 36. Qf8+ Kg6 37. Rh1 Rh4 38. Rd6 Qf5 39. Qg8+ Kh5 40. Qxf7+ Kg4 41. Rd4+ 1-0

[Event "Wch u20 girls"]
[Site "Kocaeli"]
[Date "2013.09.26"]
[Round "13.5"]
[White "Sihite, Chelsie Monica"]
[Black "Kashlinskaya, Alina"]
[Result "0-1"]
[ECO "C55"]
[WhiteElo "2282"]
[BlackElo "2390"]
[PlyCount "110"]
[EventDate "2013.09.??"]
[EventType "swiss"]
[EventRounds "13"]
[EventCountry "TUR"]
[Source "CBase R.Goldau"]
[SourceDate "2000.03.01"]
[TimeControl "40/5400+30:1800+30"]

1. e4 e5 2. Nf3 Nc6 3. Bc4 Nf6 4. d3 Be7 5. Bb3 O-O 6. c3 d5 7. Qe2 Re8 8.
h3 a5 9. Ba4 Bd7 10. O-O Nb8 11. Bc2 Bb5 12. c4 dxc4 13. dxc4 Ba6 14. Rd1 Qc8 15. Ba4 c6 16. Nc3 Nbd7 17. Be3 Nc5 18. Bb5 cxb5 19. cxb5 Nfxe4 20. Nd5 Bd8 21. Rac1 b6 22. bxa6 Qxa6 23. Qc2 h6 24. b3 Qb7 25.
a3 Nf6 26. Nxf6+ Bxf6 27. b4 axb4 28. axb4 Na4 29. Qf5 Re6 30. Qg4 Nb2 31. Rd2 e4 32. Nd4 Bxd4 33. Rxd4 Nd3 34. Rd1 Rae8 35. b5 Qc7 36. Rd5 Qc2 37. Ra1 Qc4 38. Rh5 Ne5 39. Qg3 Kh7 40.
Qf4 Rf6 41. Qh4 Rg6 42. Kh1 Qe2 43. Rf5 Nc4 44. Bd4 Qd2 45. Rd5 e3 46. Qf4 Rf6 47. Rf5 e2 48. Rxf6 e1=Q+ 49. Rxe1 Qxe1+ 50. Kh2 gxf6 51. Qxf6 Ne5 52. Qf5+ Kg8 53. Bxb6 Qb4 54. Be3 Re6 55. b6 Nd7 0-1

[Event "Wch u20 girls"]
[Site "Kocaeli"]
[Date "2013.09.26"]
[Round "13.6"]
[White "Stetsko, Lanita"]
[Black "Cori T, Deysi"]
[Result "0-1"]
[ECO "B47"]
[WhiteElo "2209"]
[BlackElo "2434"]
[PlyCount "72"]
[EventDate "2013.09.??"]
[EventType "swiss"]
[EventRounds "13"]
[EventCountry "TUR"]
[Source "CBase R.Goldau"]
[SourceDate "2000.03.01"]
[TimeControl "40/5400+30:1800+30"]

1. e4 c5 2. Nf3 e6 3. d4 cxd4 4. Nxd4 Nc6 5. Nc3 Qc7 6. f4 a6 7. Nxc6 Qxc6 8.
Bd3 b5 9. Qe2 Bb7 10. Bd2 Be7 11. a3 Bh4+ 12. g3 Be7 13. O-O-O b4 14. axb4 Bxb4 15. g4 Ne7 16. Kb1 Rb8 17. g5 Ba8 18. Bc4 O-O 19. Rhe1 a5 20.
Bb5 Qc7 21. Qd3 Rfc8 22. f5 Qe5 23. Qxd7 Nc6 24. fxe6 fxe6 25. Bc4 Nd4 26. Bf4 Qxf4 27. Qxd4 Kh8 28. Nb5 Bxe1 29. Rxe1 Rd8 30. Qc3 Bxe4 31. Rf1 Qxg5 32. Nd4 Qe5 33. Rd1 Rbc8 34. b3 Rc7 35. Rf1 Bf5 36. Nb5 Qxb5 0-1

[Event "Wch u20 girls"]
[Site "Kocaeli"]
[Date "2013.09.26"]
[Round "13.7"]
[White "Arabidze, Meri"]
[Black "Khademalsharieh, Sarasadat"]
[Result "1/2-1/2"]
[ECO "E16"]
[WhiteElo "2379"]
[BlackElo "2303"]
[PlyCount "70"]
[EventDate "2013.09.??"]
[EventType "swiss"]
[EventRounds "13"]
[EventCountry "TUR"]
[Source "CBase R.Goldau"]
[SourceDate "2000.03.01"]
[TimeControl "40/5400+30:1800+30"]

1. d4 Nf6 2. c4 e6 3. Nf3 b6 4. g3 Bb7 5. Bg2 Bb4+ 6. Bd2 Bxd2+ 7. Qxd2 O-O 8.
O-O d6 9. Nc3 Ne4 10. Nxe4 Bxe4 11. Qe3 Bb7 12. Qd3 f5 13. d5 e5 14. Qd2 h6 15. b4 a5 16. a3 Nd7 17. Qb2 Qf6 18. Nd2 e4 19. Qxf6 Nxf6 20.
f3 axb4 21. axb4 exf3 22. Nxf3 b5 23. cxb5 Bxd5 24. Nd4 Bxg2 25. Kxg2 Nd5 26. Rxa8 Rxa8 27. Nxf5 Re8 28. Kf3 Re5 29. g4 h5 30.
h3 hxg4+ 31. hxg4 g6 32. Nd4 Re3+ 33. Kf2 Re4 34. Nc6 Rf4+ 35.
Ke1 Rxg4 1/2-1/2

[Event "Wch u20 girls"]
[Site "Kocaeli"]
[Date "2013.09.26"]
[Round "13.8"]
[White "Enkhtuul, Altanulzii"]
[Black "Zhai, Mo"]
[Result "1/2-1/2"]
[ECO "E05"]
[WhiteElo "2202"]
[BlackElo "2319"]
[PlyCount "68"]
[EventDate "2013.09.??"]
[EventType "swiss"]
[EventRounds "13"]
[EventCountry "TUR"]
[Source "CBase R.Goldau"]
[SourceDate "2000.03.01"]
[TimeControl "40/5400+30:1800+30"]

1. d4 Nf6 2. Nf3 e6 3. g3 d5 4. Bg2 Be7 5. c4 O-O 6. O-O dxc4 7. Na3 Bxa3 8. bxa3 Bd7 9. Ne5 Bc6 10. Nxc6 Nxc6 11. Bxc6 bxc6 12. Bg5 h6 13. Bxf6 Qxf6 14. Rc1 c5 15. dxc5 Rfd8 16. Qc2 Rd4 17. e3 Rd5 18. Qxc4 Qb2 19. Qa6 Rf5 20. Rb1 Qc2 21. Rbc1 Qb2 22. Rb1 Qc2 23. Qb7 Rd8 24. Rbc1 Qxa2 25. Qxc7 Rd2 26. Qb8+ Kh7 27. Qb1 Qxb1 28. Rxb1 Rxc5 29. Rb7 Kg6 30. Rxa7 Ra2 31. h4 h5 32. a4 Rc4 33. a5 Rc5 34. a6 Rc6 1/2-1/2

[Event "Wch u20 girls"]
[Site "Kocaeli"]
[Date "2013.09.26"]
[Round "13.9"]
[White "Wang, Jue"]
[Black "Xiao, Yiyi"]
[Result "1-0"]
[ECO "B49"]
[WhiteElo "2392"]
[BlackElo "2163"]
[PlyCount "111"]
[EventDate "2013.09.??"]
[EventType "swiss"]
[EventRounds "13"]
[EventCountry "TUR"]
[Source "CBase R.Goldau"]
[SourceDate "2000.03.01"]
[TimeControl "40/5400+30:1800+30"]

1. e4 c5 2. Nf3 e6 3. d4 cxd4 4. Nxd4 Nc6 5. Nc3 Qc7 6. Be2 a6 7. O-O Nf6 8. Be3 Bb4 9. Na4 Be7 10. Nxc6 bxc6 11. Nb6 Rb8 12. Nxc8 Qxc8 13. Bd4 Nxe4 14. Bxg7 Rg8 15. Be5 d6 16. Qd4 f5 17. Bh5+ Kd7 18.
f3 Nc5 19. Rad1 Nb7 20. f4 Kc7 21. Bf6 Qf8 22. Bxe7 Qxe7 23. Rfe1 Nc5 24. Bf3 d5 25. c4 Rb4 26. b3 Ne4 27. Kh1 Qg7 28. Qa7+ Rb7 29. Qe3 Qc3 30. Qe2 a5 31. cxd5 exd5 32. Rc1 Qf6 33. Bxe4 fxe4 34. Qd2 Qf5 35. Qxa5+ Kd7 36. Qc5 Rg6 37. Qe3 Rf6 38. Rf1 Rd6 39. Rfd1 Rf6 40.
Rf1 Rd6 41. Rcd1 h5 42. a4 Rb4 43. Qc3 Rb8 44. a5 Qf6 45. Qe3 Qb2 46. Rb1 Qa2 47. Qa7+ Kc8 48. Qe7 Rd7 49. Qc5 Kc7 50. Rbc1 Rd6 51. f5 Qxb3 52. f6 e3 53. f7 Rf8 54. Rb1 e2 55. Rfe1 Rxf7 56. Qa7+ 1-0

[Event "Wch u20 girls"]
[Site "Kocaeli"]
[Date "2013.09.26"]
[Round "13.10"]
[White "Qiu, Mengjie"]
[Black "Pavlidou, Ekaterini"]
[Result "1/2-1/2"]
[ECO "B70"]
[WhiteElo "2091"]
[BlackElo "2209"]
[PlyCount "64"]
[EventDate "2013.09.??"]
[EventType "swiss"]
[EventRounds "13"]
[EventCountry "TUR"]
[Source "CBase R.Goldau"]
[SourceDate "2000.03.01"]
[TimeControl "40/5400+30:1800+30"]

1. e4 c5 2. Nf3 Nc6 3. Nc3 Nf6 4. d4 cxd4 5. Nxd4 d6 6. Bg5 g6 7. Qd2 Bg7 8. O-O-O Nxe4 9. Nxc6 Bxc3 10. bxc3 bxc6 11. Qd4 Qa5 12. Qxh8+ Kd7 13. Bc4 Qxg5+ 14. Kb2 Rb8+ 15. Ka1 f6 16. Rhe1 Qe5 17. Re3 Kc7 18. Qxh7 d5 19. Bb3 f5 20. f3 f4 21. Ree1 Qxc3+ 22. Kb1 Nd2+ 23. Rxd2 Qxd2 24. Rxe7+ Kd6 25. Rxa7 Qd1+ 26. Kb2 Qd4+ 27. Kb1 Qd1+ 28. Kb2 Qd4+ 29. c3 Qf2+ 30. Kc1 Qg1+ 31. Kb2 Qf2+ 32. Ka3 Qc5+ 1/2-1/2

[Event "Wch u20 girls"]
[Site "Kocaeli"]
[Date "2013.09.26"]
[Round "13.11"]
[White "Gevorgyan, Maria"]
[Black "Liu, Hongyan"]
[Result "1-0"]
[ECO "B42"]
[WhiteElo "2143"]
[BlackElo "2065"]
[PlyCount "117"]
[EventDate "2013.09.??"]
[EventType "swiss"]
[EventRounds "13"]
[EventCountry "TUR"]
[Source "CBase R.Goldau"]
[SourceDate "2000.03.01"]
[TimeControl "40/5400+30:1800+30"]

1. e4 c5 2. Nf3 e6 3. d4 cxd4 4. Nxd4 a6 5. Bd3 Bc5 6. Nb3 Ba7 7. Qe2 Nc6 8.
Be3 d6 9. Nc3 Nf6 10. O-O O-O 11. Rad1 b5 12. Kh1 Ne5 13. Bxa7 Rxa7 14. f4 Nxd3 15. Rxd3 b4 16. Nb1 a5 17. Qe3 Qc7 18. Rfd1 d5 19. e5 Ne4 20.
N1d2 Ba6 21. Nxe4 Bxd3 22. Nd6 Be4 23. Nd4 Ra6 24. Nxe4 dxe4 25. Qxe4 Rd8 26. Rd3 Rd5 27. h3 h6 28. Kh2 Rb6 29. Rg3 Qd7 30.
c3 Rb8 31. f5 Rxd4 32. cxd4 exf5 33. Qf4 Rb6 34. Rf3 g6 35. Rd3 Qb5 36. Rd2 Qd5 37. Qxh6 Rc6 38. Qe3 Rc1 39. a3 b3 40. a4 Qc4 41. d5 Qf1 42.
Rf2 Qg1+ 43. Kg3 Re1 44. Qf4 Re4 45. Qd2 f4+ 46. Rxf4 Re3+ 47. Rf3 Rxf3+ 48. Kxf3 Qf1+ 49. Ke3 Qf5 50. Qc3 Qg5+ 51. Kd4 Qf4+ 52. Kc5 Qf2+ 53. Qd4 Qxg2 54. d6 Qb7 55. d7 Qa7+ 56. Kc4 Qc7+ 57. Kxb3 Qd8 58. Qd6 Kh7 59. Ka2 1-0

[Event "Wch u20 girls"]
[Site "Kocaeli"]
[Date "2013.09.26"]
[Round "13.12"]
[White "Iwanow, Anna"]
[Black "Styazhkina, Anna"]
[Result "1-0"]
[ECO "C46"]
[WhiteElo "2230"]
[BlackElo "2241"]
[PlyCount "49"]
[EventDate "2013.09.??"]
[EventType "swiss"]
[EventRounds "13"]
[EventCountry "TUR"]
[Source "CBase R.Goldau"]
[SourceDate "2000.03.01"]
[TimeControl "40/5400+30:1800+30"]

1. e4 e5 2. Nf3 Nc6 3. d4 exd4 4. Nxd4 g6 5. Nc3 Bg7 6. Be3 Nf6 7. Nxc6 bxc6 8. e5 Ng8 9. f4 f6 10. Bd3 Ne7 11. f5 d5 12. fxg6 hxg6 13. exf6 Bxf6 14. Qe2 O-O 15. O-O-O Bf5 16. g4 Bxd3 17. Qxd3 Rb8 18. Bc5 Rf7 19. h4 Nc8 20. Rdf1 Nd6 21. Qxg6+ Bg7 22. Rxf7 Nxf7 23. Bd4 Qf8 24. Rf1 c5 25. Nxd5 1-0

[Event "Wch u20 girls"]
[Site "Kocaeli"]
[Date "2013.09.26"]
[Round "13.13"]
[White "Kuchava, Ana"]
[Black "Ibrahimova, Sabina"]
[Result "1-0"]
[ECO "A45"]
[WhiteElo "2092"]
[BlackElo "2168"]
[PlyCount "99"]
[EventDate "2013.09.??"]
[EventType "swiss"]
[EventRounds "13"]
[EventCountry "TUR"]
[Source "CBase R.Goldau"]
[SourceDate "2000.03.01"]
[TimeControl "40/5400+30:1800+30"]

1. d4 Nf6 2. Bg5 c6 3. Nf3 Qb6 4. Qc1 Ne4 5. Bf4 g5 6. Be3 Bg7 7. c3 h6 8.
Nfd2 Nf6 9. f3 d5 10. Bf2 Be6 11. e4 Nbd7 12. e5 Nh5 13. g3 c5 14. Be2 Rc8 15. f4 g4 16. h3 cxd4 17. Nb3 Nxg3 18. Bxg3 dxc3 19. bxc3 d4 20. hxg4 dxc3 21. Na3 O-O 22. Bf2 Qc6 23. O-O Qe4 24. Qe3 Qg6 25.
Qg3 Qe4 26. Qf3 Qa4 27. Nc2 Nb6 28. Bxb6 axb6 29. Nbd4 Bd7 30.
Qxb7 Bc6 31. Qxb6 Be4 32. Qb3 Qa7 33. Rf2 Rfd8 34. Nb5 Qc5 35.
Kf1 Rd2 36. Nba3 Bd3 37. Re1 Rd8 38. Qa4 Qd5 39. Kg1 Ra8 40. Qb4 Bxc2 41. Nxc2 Qd7 42. Qb3 e6 43. Kg2 Bf8 44. Bf3 Bc5 45. Rxd2 cxd2 46. Rd1 Rd8 47. Qc3 Ba7 48. Nb4 Qb5 49. Nc6 Rd3 50. Nxa7 1-0

[Event "Wch u20 girls"]
[Site "Kocaeli"]
[Date "2013.09.26"]
[Round "13.14"]
[White "Sviridova, Vlada"]
[Black "Bezgodova, Maria"]
[Result "0-1"]
[ECO "C45"]
[WhiteElo "2063"]
[BlackElo "2187"]
[PlyCount "86"]
[EventDate "2013.09.??"]
[EventType "swiss"]
[EventRounds "13"]
[EventCountry "TUR"]
[Source "CBase R.Goldau"]
[SourceDate "2000.03.01"]
[TimeControl "40/5400+30:1800+30"]

1. e4 e5 2. Nf3 Nc6 3. d4 exd4 4. Nxd4 Bc5 5. Nxc6 Qf6 6. Qf3 dxc6 7. Bc4 Ne7 8. Nc3 Ng6 9. h4 Ne5 10. Qxf6 gxf6 11. Be2 Rg8 12. Kf1 Be6 13. f4 Ng4 14. f5 Bd7 15. Nd1 O-O-O 16. Rh3 Rde8 17. Bd3 Bd6 18. Nf2 c5 19. Bd2 Bc6 20. Re1 Nxf2 21. Kxf2 Rg4 22. Bc3 Reg8 23. Bf1 Bxe4 24. Rxe4 Rxe4 25. Bxf6 c4 26. Bg5 Bc5+ 27. Kf3 Rge8 28. b3 b5 29. bxc4 bxc4 30. h5 f6 31. Bd2 c3 32. Ba6+ Kd7 33.
Bc1 Be3 34. Bxe3 Rxe3+ 35. Kf2 Rxh3 36. gxh3 Re5 37. Bd3 h6 38.
Kf3 Kd6 39. Be4 Kc5 40. Kf4 Kd4 41. Bc6 Re2 42. Ba4 Rf2+ 43. Kg4 Ke5 0-1

[Event "Wch u20 girls"]
[Site "Kocaeli"]
[Date "2013.09.26"]
[Round "13.16"]
[White "Kurbonboeva, Sarvinoz"]
[Black "Imeeva, Aisa"]
[Result "1-0"]
[ECO "D61"]
[WhiteElo "2120"]
[BlackElo "2067"]
[PlyCount "53"]
[EventDate "2013.09.??"]
[EventType "swiss"]
[EventRounds "13"]
[EventCountry "TUR"]
[Source "CBase R.Goldau"]
[SourceDate "2000.03.01"]
[TimeControl "40/5400+30:1800+30"]

1. d4 Nf6 2. c4 e6 3. Nf3 d5 4. Nc3 Be7 5. Bg5 Nbd7 6. e3 O-O 7. Qc2 dxc4 8.
Bxc4 b6 9. O-O Bb7 10. e4 h6 11. Bf4 a6 12. Qe2 c5 13. d5 exd5 14. Nxd5 Nxd5 15. Bxd5 Qc8 16. Rad1 b5 17. h3 Re8 18. Bxf7+ Kxf7 19. Rxd7 Kg8 20. Rc7 Qe6 21. Rxb7 Qxa2 22. Rd1 c4 23. Be5 b4 24. Qe3 Bf8 25.
Rdd7 Rxe5 26. Nxe5 c3 27. Rxg7+ 1-0

[Event "Wch u20 girls"]
[Site "Kocaeli"]
[Date "2013.09.26"]
[Round "13.17"]
[White "Fronda, Jan Jodilyn"]
[Black "Monnisha, Gk"]
[Result "1/2-1/2"]
[ECO "C45"]
[WhiteElo "2038"]
[BlackElo "2094"]
[PlyCount "67"]
[EventDate "2013.09.??"]
[EventType "swiss"]
[EventRounds "13"]
[EventCountry "TUR"]
[Source "CBase R.Goldau"]
[SourceDate "2000.03.01"]
[TimeControl "40/5400+30:1800+30"]

1. e4 e5 2. Nf3 Nc6 3. d4 exd4 4. Nxd4 Bc5 5. Nb3 Bb6 6. Nc3 Nf6 7. Qe2 O-O 8. Bg5 h6 9. Bh4 a5 10. a4 d6 11. O-O-O Be6 12. Kb1 Re8 13.
f3 Ne5 14. Qe1 Ng6 15. Bf2 Bxf2 16. Qxf2 Bxb3 17. cxb3 Nd7 18. Bd3 Nge5 19. Bc2 Nc6 20. Nd5 Nf6 21. Ne3 Nb4 22. Nf5 Nd7 23. Qd4 Qf6 24. Qxf6 Nxf6 25. Rhe1 Ra6 26. Bd3 Nxd3 27. Rxd3 d5 28. e5 Rae6 29. f4 c6 30. Rg3 Nh5 31. Rf3 Nf6 32. Rg3 Nh5 33. Rf3 Nf6 34. Rg3 1/2-1/2

[Event "Wch u20 girls"]
[Site "Kocaeli"]
[Date "2013.09.26"]
[Round "13.18"]
[White "Nguyen, Thi Mai Hung"]
[Black "Karabayeva, Zhanna"]
[Result "1-0"]
[ECO "A48"]
[WhiteElo "2225"]
[BlackElo "2029"]
[PlyCount "73"]
[EventDate "2013.09.??"]
[EventType "swiss"]
[EventRounds "13"]
[EventCountry "TUR"]
[Source "CBase R.Goldau"]
[SourceDate "2000.03.01"]
[TimeControl "40/5400+30:1800+30"]

1. d4 Nf6 2. Bf4 g6 3. e3 Bg7 4. Nf3 O-O 5. Be2 d6 6. O-O h6 7. h3 Nfd7 8.
c4 c5 9. Nc3 Nc6 10. Qd2 g5 11. Bh2 f5 12. d5 Nce5 13. Nxe5 dxe5 14. Rad1 a6 15. Kh1 Qe8 16. f4 Qg6 17. d6 e6 18. fxe5 Bxe5 19. Bxe5 Nxe5 20. Na4 Bd7 21. Nxc5 Bc6 22. Qd4 Nf7 23. Nd3 Rae8 24. Ne5 Nxe5 25. Qxe5 g4 26. hxg4 h5 27. Kg1 hxg4 28. Rd4 Rf7 29. c5 Rh7 30.
Bc4 g3 31. Rxf5 Rh2 32. Rg5 Rxg2+ 33. Kf1 Rf8+ 34. Rf4 Rxf4+ 35.
exf4 Kh7 36. Rxg6 Kxg6 37. Qxe6+ 1-0

[Event "Wch u20 girls"]
[Site "Kocaeli"]
[Date "2013.09.26"]
[Round "13.19"]
[White "Rakhmangulova, Anastasiya"]
[Black "Soylemez, Cansu"]
[Result "1-0"]
[ECO "B30"]
[WhiteElo "2194"]
[BlackElo "1905"]
[PlyCount "99"]
[EventDate "2013.09.??"]
[EventType "swiss"]
[EventRounds "13"]
[EventCountry "TUR"]
[Source "CBase R.Goldau"]
[SourceDate "2000.03.01"]
[TimeControl "40/5400+30:1800+30"]

1. e4 c5 2. Nf3 Nc6 3. Bc4 e6 4. Qe2 a6 5. d3 Be7 6. Bb3 Nf6 7. c3 O-O 8.
O-O b5 9. e5 Nd5 10. d4 cxd4 11. cxd4 Bb7 12. Nc3 Nxc3 13. bxc3 Rc8 14. Bc2 f5 15. exf6 Bxf6 16. h4 Ne7 17. Ng5 g6 18. h5 Nf5 19. Ne4 Bg7 20. hxg6 hxg6 21. Bg5 Qc7 22. Rac1 Kf7 23. Qg4 Rh8 24. Bf4 Qb6 25. Rfe1 Bxe4 26. Bxe4 Rh4 27. Qf3 Rch8 28. Kf1 Qa5 29. Bd2 Kg8 30. Ke2 b4 31. g3 Rh2 32. Qg4 Kf7 33. cxb4 Qxa2 34. Rc2 Nxd4+ 35. Kf1 Nxc2 36. Qxg6+ Kf8 37. Bxc2 Qc4+ 38. Bd3 Qd5 39. Qe4 Qxe4 40. Rxe4 Ke7 41. Bxa6 Rf8 42. Be3 Ra8 43. b5 d5 44. Bc5+ Kd7 45.
Rf4 Bh6 46. Rf7+ Kd8 47. Rh7 Rb8 48. b6 e5 49. Bb5 Kc8 50. Rc7+ 1-0

[Event "Wch u20 girls"]
[Site "Kocaeli"]
[Date "2013.09.26"]
[Round "13.20"]
[White "Juhasz, Barbara"]
[Black "Edes, Zsofia"]
[Result "1-0"]
[ECO "B20"]
[WhiteElo "2131"]
[BlackElo "2044"]
[PlyCount "69"]
[EventDate "2013.09.??"]
[EventType "swiss"]
[EventRounds "13"]
[EventCountry "TUR"]
[Source "CBase R.Goldau"]
[SourceDate "2000.03.01"]
[TimeControl "40/5400+30:1800+30"]

1. e4 c5 2. b3 Nc6 3. Bb2 d6 4. Bb5 Bd7 5. Ne2 a6 6. Bxc6 Bxc6 7. d3 e6 8. O-O Nf6 9. Nd2 Be7 10. Ng3 h5 11. f3 h4 12. Ne2 h3 13. g3 Qc7 14. c4 d5 15.
cxd5 exd5 16. Qc2 O-O-O 17. Rac1 g5 18. e5 Nh5 19. d4 f6 20.
dxc5 Kb8 21. Nd4 Ng7 22. exf6 Bxf6 23. Qg6 Rhf8 24. Rfe1 Rde8 25.
Rxe8+ Bxe8 26. Qd3 Ka8 27. b4 Bd7 28. Re1 Nh5 29. Nf1 Be5 30.
Ne6 Bxe6 31. Bxe5 Qc6 32. Bd6 Rf6 33. Qh7 Bf7 34. Qh8+ Ka7 35.
Qb8# 1-0

[Event "Wch u20 girls"]
[Site "Kocaeli"]
[Date "2013.09.26"]
[Round "13.21"]
[White "Petrova, Irina"]
[Black "Pujari, Rucha"]
[Result "1-0"]
[ECO "D53"]
[WhiteElo "2117"]
[BlackElo "2172"]
[PlyCount "69"]
[EventDate "2013.09.??"]
[EventType "swiss"]
[EventRounds "13"]
[EventCountry "TUR"]
[Source "CBase R.Goldau"]
[SourceDate "2000.03.01"]
[TimeControl "40/5400+30:1800+30"]

1. d4 d5 2. c4 e6 3. Nc3 Nf6 4. Bg5 Be7 5. cxd5 Nxd5 6. Bxe7 Qxe7 7. e4 Nxc3 8. bxc3 O-O 9. Nf3 c5 10. Be2 Nc6 11. d5 exd5 12. exd5 Rd8 13. O-O Be6 14. c4 Bg4 15. Re1 Bxf3 16. Bxf3 Qf6 17. Rb1 b6 18.
dxc6 Rxd1 19. Rbxd1 g6 20. Rd7 Rc8 21. c7 Kg7 22. Bb7 Qc3 23.
Red1 Rxc7 24. Rxc7 Qxc4 25. Bd5 Qe2 26. Bb3 Kh6 27. h4 a5 28.
Rf1 Qe5 29. Rxf7 b5 30. Rd1 c4 31. Rdd7 Qe1+ 32. Kh2 Kh5 33. Rxh7+ Kg4 34. Bd1+ Kf4 35. Rhf7+ 1-0

[Event "Wch u20 girls"]
[Site "Kocaeli"]
[Date "2013.09.26"]
[Round "13.22"]
[White "Martinez, Ayelen"]
[Black "Savant, Riya"]
[Result "0-1"]
[ECO "B34"]
[WhiteElo "2101"]
[BlackElo "1960"]
[PlyCount "124"]
[EventDate "2013.09.??"]
[EventType "swiss"]
[EventRounds "13"]
[EventCountry "TUR"]
[Source "CBase R.Goldau"]
[SourceDate "2000.03.01"]
[TimeControl "40/5400+30:1800+30"]

1. e4 c5 2. Nf3 Nc6 3. d4 cxd4 4. Nxd4 g6 5. Nc3 Bg7 6. Nxc6 bxc6 7. Bc4 Qa5 8. Qf3 Nf6 9. O-O O-O 10. a3 Bb7 11. b4 Qh5 12. Qxh5 Nxh5 13. Bd2 d5 14. exd5 cxd5 15. Bb3 Rac8 16. Ne2 Bxa1 17. Rxa1 Nf6 18. Be3 a6 19. Bd4 Ne4 20. Nf4 Rfd8 21. Re1 Rd7 22. Nd3 Kf8 23. f3 Nd2 24. Ba4 Rd6 25. Be3 Nc4 26. Bh6+ Kg8 27. Rxe7 Bc6 28. Bb3 Re8 29. Ra7 Ra8 30. Rc7 Nxa3 31. Bf4 Rf6 32. Bg5 Nb5 33. Re7 Re6 34. Ne5 Rxe7 35. Bxe7 Bb7 36. Nd7 Rc8 37. Nc5 Bc6 38. Bf6 Nc7 39. Be5 Ne6 40. Nxa6 Bb5 41. Nc5 Nxc5 42. bxc5 Rxc5 43. Bd4 Rc8 44. Kf2 Bc4 45. Bxc4 Rxc4 46. c3 Ra4 47. g4 Ra2+ 48. Kg3 Kf8 49. h4 Ke7 50. Kf4 f6 51. Kg3 Ke6 52. Kh3 f5 53.
Kg3 fxg4 54. fxg4 h5 55. Kf3 Rh2 56. Kg3 Re2 57. gxh5 gxh5 58. Kf4 Rg2 59. Kf3 Rg4 60. Bf2 Kf5 61. Be1 Rc4 62. Kg3 Ke4 0-1